 Dungeon Crawl Stone Soup version 0.29-a0-231-g945431f764 (webtiles) character file.

Game seed: 17688438924633670942

1425 Crownlay the Cleaver (level 8, -11/67 HPs)
             Began as a Hill Orc Fighter on Feb 28, 2022.
             Mangled by a two-headed ogre
             ... wielding a +0 giant club
              (17 damage)
             ... on level 5 of the Dungeon.
             The game lasted 00:09:10 (4508 turns).

Crownlay the Cleaver (Hill Orc Fighter)             Turns: 4508, Time: 00:09:10

Health: -11/67     AC: 12    Str: 21    XL:     8   Next: 72%
Magic:  8/8        EV:  9    Int:  8    God:
Gold:   163        SH:  5    Dex: 10    Spells: 7/7 levels left

rFire   . . .      SeeInvis +   l - +2 hand axe (flame)
rCold   . . .      Faith    .   c - +0 buckler
rNeg    . . .      Spirit   .   b - +0 scale mail
rPois   .          Reflect  .   (helmet restricted)
rElec   .          Harm     .   s - +0 cloak
rCorr   .          Rampage  .   (no gloves)
Will    .....                   (no boots)
Stlth   ..........              h - amulet of the acrobat
HPRegen 0.21/turn               q - +4 ring of protection
MPRegen 0.11/turn               u - ring of see invisible

@: no status effects
A: horns 1
a: no special abilities


You were on level 5 of the Dungeon.
You visited 1 branch of the dungeon, and saw 5 of its levels.

You collected 163 gold pieces.

Inventory:

Hand Weapons
 a - a +0 war axe
 k - a +0 hunting sling of freezing
 l - a +2 hand axe of flaming (weapon)
Armour
 b - a +0 scale mail (worn)
 c - a +0 buckler (worn)
 s - a +0 cloak (worn)
Jewellery
 h - an amulet of the acrobat (around neck)
 q - a +4 ring of protection (left hand)
 u - a ring of see invisible (right hand)
Wands
 g - a wand of flame (13)
 t - a wand of polymorph (1)
Scrolls
 d - 3 scrolls of enchant armour
 e - a scroll of acquirement {unknown}
 i - 3 scrolls of magic mapping
 j - 2 scrolls of blinking {unknown}
 m - 2 scrolls of amnesia
 v - a scroll of brand weapon {unknown}
 w - a scroll of identify
 x - a scroll of enchant weapon {unknown}
Potions
 f - 2 potions of curing
 n - a potion of mutation
 o - a potion of attraction {unknown}
 p - a potion of brilliance
 r - a potion of cancellation


   Skills:
 + Level 4.9 Fighting
 * Level 10.0 Axes
 + Level 4.2 Slings
 - Level 3.2 Armour
 + Level 6.3 Shields


You had 7 spell levels left.
You didn't know any spells.
Your spell library contained the following spells:

 Spells                   Type           Power      Damage    Failure   Level
 Animate Skeleton         Necr           0%         N/A       83%         1
 Freeze                   Ice            0%         1d3       83%         1
 Pain                     Necr           0%         1d4       83%         1
 Corpse Rot               Necr/Air       0%         N/A       92%         2
 Poisonous Vapours        Pois/Air       0%         N/A       92%         2
 Dazzling Flash           Conj/Hex       0%         N/A       99%         3
 Frozen Ramparts          Ice            0%         1d2       99%         3
 Vampiric Draining        Necr           0%         2d6       99%         3
 Hailstorm                Conj/Ice       0%         3d3       100%        4
 Iskenderun's Mystic Bla  Conj/Tloc      0%         2d3       100%        4
 Starburst                Conj/Fire      0%         6d3       100%        6


Dungeon Overview and Level Annotations

Branches:
Dungeon (5/15)
 Temple: D:4-7

Altars:
Makhleb
Trog
Yredelemnul

Annotations:
D:3 1 runed translucent door, Crazy Yiuf


Innate Abilities, Weirdness & Mutations

You have a pair of small horns on your head.


Message History

No target in view!
No target in view!
No target in view!
j - 2 scrolls labelled XOAJ RISMEUFUST (gained 1)
There is an open door here.
A two-headed ogre is nearby!
The two-headed ogre shouts in stereo!
The two-headed ogre misses you. You block the two-headed ogre's attack.
You hit the two-headed ogre. You burn the two-headed ogre.
Your headbutt misses the two-headed ogre.
The two-headed ogre is lightly wounded.
You hit the two-headed ogre. You burn the two-headed ogre.
The two-headed ogre is moderately wounded.
The two-headed ogre completely misses you.
The two-headed ogre hits you with a +0 giant spiked club!
You hit the two-headed ogre but do no damage.
Your headbutt misses the two-headed ogre.
The two-headed ogre is moderately wounded.
The two-headed ogre hits you with a +0 giant club!
The two-headed ogre hits you with a +0 giant spiked club!!
* * * LOW HITPOINT WARNING * * *
You are too injured to fight recklessly!
You are too injured to fight recklessly!
You are too injured to fight recklessly!
You are too injured to fight recklessly!
You are too injured to fight recklessly!
Okay, then.
You hit the two-headed ogre but do no damage.
Your headbutt misses the two-headed ogre.
The two-headed ogre is moderately wounded.
You slash the two-headed ogre! You burn the two-headed ogre.
The two-headed ogre is heavily wounded.
You block the two-headed ogre's attack.
The two-headed ogre hits you with a +0 giant spiked club!
* * * LOW HITPOINT WARNING * * *
You slash the two-headed ogre! You burn the two-headed ogre.
The two-headed ogre is severely wounded.
The two-headed ogre closely misses you.
The two-headed ogre hits you with a +0 giant spiked club!
You die...

#....# #....# #....#
#....#################
##....##........#.....########.#.
......'..######...###...........>
......####....#####)######.######
...#### #....'...#+######.# ...#
#....#.@O#..#.....#
##########....#...'..#.#####
........##)###########.#
#######.#.....#......#.# ####
#.#.....#......#.# ...#
#.#.....#......#.######## ...#
#.#.....#......#......... ...#
#.#.....'......#.########
...####.#######........#


You could see a two-headed ogre.

Vanquished Creatures
  Grinder (D:3)
  Sigmund (D:3)
  Eustachio (D:4)
  2 water moccasins (D:5)
  A sky beast (D:5)
  An ogre (D:5)
  A phantom (D:5)
  2 hounds (D:4)
  A gnoll shaman (D:5)
  2 orc priests (D:5)
  Jessica (D:3)
  An orc wizard (D:5)
  10 adders
  8 gnolls
  2 ufetubi
  5 worms
  3 dart slugs
  6 orcs
  9 bats
  6 endoplasms
  3 giant cockroaches
  9 goblins
  3 hobgoblins
  2 quokkas (D:4)
  8 ball pythons
  5 frilled lizards
  2 kobolds
  5 rats
101 creatures vanquished.

Vanquished Creatures (others)
  5 plants (D:1)
5 creatures vanquished.

Grand Total: 106 creatures vanquished

Notes
Turn   | Place    | Note
-------+----------+-------------------------------------------
     0 | D:1      | Crownlay the Hill Orc Fighter began the quest for the Orb.
     0 | D:1      | Reached XP level 1. HP: 19/19 MP: 1/1
    56 | D:1      | Reached skill level 3 in Axes
   117 | D:1      | Reached XP level 2. HP: 26/26 MP: 2/2
   262 | D:1      | Reached skill level 4 in Axes
   724 | D:2      | Reached XP level 3. HP: 21/31 MP: 3/3
  1152 | D:2      | Reached XP level 4. HP: 21/39 MP: 4/4
  1158 | D:2      | Reached skill level 5 in Axes
  1340 | D:2      | Reached skill level 1 in Slings
  1840 | D:3      | Noticed Sigmund
  1847 | D:3      | Noticed Grinder
  1858 | D:3      | Killed Sigmund
  1859 | D:3      | Reached skill level 6 in Axes
  1859 | D:3      | Reached XP level 5. HP: 36/45 MP: 5/5
  1859 | D:3      | Reached XP level 6. HP: 41/51 MP: 6/6
  1882 | D:3      | Killed Grinder
  1883 | D:3      | Reached skill level 7 in Axes
  1883 | D:3      | Reached XP level 7. HP: 47/57 MP: 7/7
  1953 | D:3      | Found a faded altar of an unknown god.
  2218 | D:3      | Noticed Jessica
  2235 | D:3      | Killed Jessica
  2595 | D:3      | Found a runed translucent door.
  2596 | D:3      | Noticed Crazy Yiuf
  2694 | D:4      | Reached skill level 5 in Shields
  2922 | D:4      | Found a burning altar of Makhleb.
  2925 | D:4      | Found a bloodstained altar of Trog.
  2925 | D:4      | Found a basalt altar of Yredelemnul.
  2965 | D:4      | Noticed Eustachio
  2999 | D:4      | Gained mutation: You have a pair of small horns on your
                  | head. [potion of mutation]
  3001 | D:4      | HP: 1/57 [poisoned by Eustachio]
  3009 | D:4      | HP: 1/57 [poisoned by Eustachio]
  3376 | D:4      | Reached skill level 8 in Axes
  3548 | D:4      | Killed Eustachio
  4026 | D:5      | Entered Level 5 of the Dungeon
  4048 | D:5      | Reached XP level 8. HP: 60/66 MP: 8/8
  4143 | D:5      | Reached skill level 9 in Axes
  4402 | D:5      | Noticed a two-headed ogre
  4450 | D:5      | Reached skill level 10 in Axes
  4508 | D:5      | Mangled by a two-headed ogre

Illustrated notes

Levels and vault maps discovered:
D:1:      roderic_crop_circles_arrival_small, layout_basic
D:2:      layout_loops_ring
D:3:      layout_loops_cross, basic_ecumenical_altar,
          hangedman_decor_peaks_small, kennysheep_generic_room_15, uniq_grinder,
          uniq_sigmund, uniq_jessica, uniq_crazy_yiuf_cottage
D:4:      layout_gridville, grunt_temple_overflow_open,
          hangedman_abyss_or_decor_stabs, uniq_eustachio
D:5:      minmay_clustersquares, layout_basic, mainiacjoe_overflow_tiny_flanked,
          minmay_temple_entry_trees

Skill      XL: |  1  2  3  4  5  6  7  8 |
---------------+-------------------------+-----
Axes           | 3 4 6 7 8 10 | 10.0
Slings         | 2 3 4 |  4.2
Shields        | 4 5 6 |  6.3
Fighting       | 4 |  4.9
Armour         | |  3.2

Action                   |  1- 3 |  4- 6 |  7- 9 || total
-------------------------+-------+-------+-------++-------
Melee: War axe           |    81 |    62 |    63 ||   206
       Unarmed           |       |    15 |       ||    15
       Hand axe          |       |       |   158 ||   158
       Headbutt          |       |       |    16 ||    16
 Fire: Hunting sling     |     9 |       |       ||     9
  Use: Potion            |       |     1 |     8 ||     9
       Scroll            |       |       |     8 ||     8
Armor: Scale mail        |    50 |    16 |    95 ||   161
       Skin              |       |     3 |       ||     3
Dodge: Dodged            |    32 |    33 |   101 ||   166
Block: Buckler           |    27 |    12 |    36 ||    75

Table legend: (Time is in decaauts)
 A = Elapsed time spent in this place.
 B = Non-inter-level travel time spent in this place.
 C = Inter-level travel time spent in this place.
 D = Time resting spent in this place.
 E = Time spent auto-exploring this place.
 F = Levels seen in this place.
 G = Mean time per level.
                   A        B        C        D        E       F      G
               +--------+--------+--------+--------+--------+-----+--------+
         Total |   4553 |   4447 |    106 |    177 |   3195 |   5 |  910.6 |
       Dungeon |   4553 |   4447 |    106 |    177 |   3195 |   5 |  910.6 |
               +--------+--------+--------+--------+--------+-----+--------+

Top non-repeatable levels by time:
     D:4: 1384 daAuts
     D:2: 1227 daAuts
     D:3: 877 daAuts
     D:1: 597 daAuts
     D:5: 467 daAuts
